 Dungeon Crawl Stone Soup version 0.27.0-66-gdc8fb28755 (webtiles) character file.

Game seed: 6424789233180647803

13239 mrzisme the Devastator (level 11, -4/64 HPs)
             Began as a Deep Elf Conjurer on Aug 21, 2021.
             Was a Believer of Vehumet.
             Slain by a basilisk (6 damage)
             ... while petrified by a basilisk
             ... on level 3 of the Lair of Beasts.
             The game lasted 00:53:09 (13520 turns).

mrzisme the Devastator (Deep Elf Conjurer)         Turns: 13520, Time: 00:53:10

Health: -4/64      AC:  5    Str:  4    XL:     11   Next: 73%
Magic:  6/30       EV:  2    Int: 30    God:    Vehumet [**....]
Gold:   295        SH:  0    Dex: 13    Spells: 21/36 levels left

rFire    + . .     SeeInvis +   x - +8 war axe "Impslayer" {drain, rC+}
rCold    + + +     Faith    .   (no shield)
rNeg     + + +     Spirit   .   k - +0 robe {rC+ rF+}
rPois    ∞         Reflect  +   q - +1 helmet {SInv}
rElec    .         Harm     .   (no cloak)
rCorr    .         Rampage  .   (no gloves)
Will     +....                  c - +0 pair of boots
Stlth    ++........             o - amulet of Diokudda {Reflect rC+ Int+3 SH+5}
HPRegen  0.20/turn              (no ring)
MPRegen  0.22/turn              (no ring)

@: petrified, attractive
A: no striking features
a: Renounce Religion


You were on level 3 of the Lair of Beasts.
You worshipped Vehumet.
Vehumet was pleased with you.
You visited 3 branches of the dungeon, and saw 12 of its levels.

You collected 512 gold pieces.
You spent 217 gold pieces at shops.

Inventory:

Hand Weapons
 b - a +2 rapier of electrocution
 x - the +8 war axe "Impslayer" (weapon) {drain, rC+}
   (You found it on level 7 of the Dungeon)

   A truly terrible weapon, it drains the life of any living foe it strikes.
   rC:        It protects you from cold.
Missiles
 f - 273 stones
 z - 6 atropa-tipped darts (quivered)
Armour
 c - a +0 pair of boots (worn)
 k - a +0 robe of resistance (worn)
 q - a +1 helmet of see invisible (worn)
Jewellery
 o - the amulet of Diokudda (around neck) {Reflect rC+ Int+3 SH+5}
   (You found it on level 4 of the Dungeon)

   [amulet of reflection]

   It reflects blocked missile attacks.
   Int:       It affects your intelligence (+3).
   rC:        It protects you from cold.
   SH:        It affects your SH (+5).
Wands
 d - a wand of flame (34)
 m - a wand of paralysis (7)
 G - a wand of charming (7)
Scrolls
 e - a scroll of teleportation
 h - 2 scrolls of acquirement {unknown}
 l - 4 scrolls of immolation {unknown}
 p - a scroll of brand weapon {unknown}
 r - 2 scrolls of enchant weapon {unknown}
 v - 3 scrolls of magic mapping {unknown}
 y - 2 scrolls of noise {unknown}
 B - a scroll of fog
 C - a scroll of torment {unknown}
 E - 2 scrolls of enchant armour {unknown}
 H - a scroll of vulnerability {unknown}
Potions
 g - 2 potions of might
 i - a potion of brilliance
 j - 3 potions of lignification
 t - a potion of flight {unknown}
 u - a potion of haste
 A - a potion of attraction
 F - a potion of resistance {unknown}


   Skills:
 + Level 6.0 Fighting
 - Level 2.4 Dodging
 - Level 2.4 Stealth
 + Level 13.1 Spellcasting
 * Level 15.4 Conjurations


You had 21 spell levels left.
You knew the following spells:

 Your Spells              Type           Power      Damage    Failure   Level
a - Magic Dart            Conj           100%       1d8       0%          1
b - Searing Ray           Conj           100%       3d7       0%          2
c - Dazzling Flash        Conj/Hex       100%       N/A       1%          3
d - Iskenderun's Mystic   Conj/Tloc      60%        2d13      1%          4
e - Blink                 Tloc           N/A        N/A       3%          2
f - Teleport Other        Tloc           19%        N/A       8%          3

Your spell library contained the following spells:

 Spells                   Type           Power      Damage    Failure   Level
 Conjure Flame            Conj/Fire      60%        6-21      1%          3
 Fulminant Prism          Conj/Hex       30%        3d16      1%          4
 Hailstorm                Conj/Ice       60%        3d13      1%          4
 Freeze                   Ice            76%        1d9       2%          1
 Sting                    Tmut/Pois      76%        1d6       2%          1
 Poisonous Vapours        Pois/Air       38%        N/A       3%          2
 Frozen Ramparts          Ice            38%        1d5       8%          3
 Gell's Gravitas          Tloc           9%         N/A       8%          3
 Lesser Beckoning         Tloc           9%         N/A       8%          3
 Olgreb's Toxic Radiance  Pois           19%        N/A       26%         4
 Manifold Assault         Tloc           19%        N/A       56%         5


Dungeon Overview and Level Annotations

Branches:
Dungeon (8/15)             Temple (1/1) D:5            Lair (3/6) D:8
 Shoals (0/4) Lair:2       Spider (0/4) Lair:3

Altars:
Elyvilon
Fedhas
Hepliaklqana
Qazlal
Sif Muna
Trog
Uskayaw
Vehumet
Wu Jian
Xom
Yredelemnul
The Shining One

Shops:
D:6 [

Annotations:
Lair:1 exclusion: oklob plant


Message History

You feel yourself speed up. The basilisk bites you.
* * * LOW HITPOINT WARNING * * *
The basilisk is pulled toward you! The basilisk gazes at you.
You easily resist.
The basilisk is pulled toward you!
You feel better. The basilisk gazes at you.
You are slowing down.
Your limbs are stiffening.
Found a curved runed staff.
Casting: Blink (safe; 3% risk of failure)
Confirm with . or Enter, or press ? or * to list all spells.
You erupt in a blast of force!
The mystic blast hits the basilisk.
The basilisk is lightly wounded.
The basilisk is knocked back by the mystic blast.
The basilisk is pulled toward you!
Casting: Iskenderun's Mystic Blast (dangerous; 1% risk of failure)
Confirm with . or Enter, or press ? or * to list all spells.
You erupt in a blast of force!
The mystic blast hits the basilisk!
The basilisk is moderately wounded.
The basilisk is knocked back by the mystic blast.
The basilisk is pulled toward you!
You have turned to stone.
The basilisk bites you!
* * * LOW HITPOINT WARNING * * *
The basilisk gazes at you.
You easily resist.
Your extra speed is starting to run out.
The basilisk bites you!
* * * LOW HITPOINT WARNING * * *
The basilisk bites you. The basilisk gazes at you. The basilisk bites you.
* * * LOW HITPOINT WARNING * * *
The basilisk gazes at you. The basilisk bites you!
* * * LOW HITPOINT WARNING * * *
You feel yourself slow down. The basilisk bites you!
You die...

##.....#
#......#
#......##
##......#
#......##
##......#
#......##
##.l...#.#
#.@....#
#........#
##.......#
#.......#
.......##
###.....#
#.....#
#.|...#


You could see a basilisk.

Vanquished Creatures
  A hydra (Lair:2)
  A manticore (Lair:2)
  2 black mambas
  A torpor snail (Lair:2)
  A rime drake (Lair:3)
  4 cane toads
  2 komodo dragons
  A wind drake (Lair:2)
  10 blink frogs
  3 dream sheep (Lair:2)
  A hornet (D:7)
  A shadow (D:6)
  9 yaks
  A steam dragon (Lair:2)
  8 water moccasins
  Duvessa (D:5)
  An orc warrior (D:6)
  2 black bears
  An ice beast (D:6)
  16 wolves (Lair:3)
  3 ogres (D:5)
  2 centaurs
  2 phantoms (D:5)
  3 bullfrogs
  A wyvern zombie (D:8)
  2 scorpions (D:5)
  Dowan (D:5)
  A wyvern skeleton (D:7)
  3 water moccasin skeletons
  An electric eel (D:8)
  6 wights
  3 centaur zombies
  A bullfrog zombie (D:5)
  An orc priest (D:7)
  2 centaur skeletons
  3 hounds
  6 iguanas
  3 jellies (D:5)
  A bullfrog skeleton (D:5)
  2 orc wizards (D:6)
  3 hound skeletons
  2 howler monkey skeletons
  9 adders
  A shadow imp (D:5)
  An ufetubus (D:5)
  5 worms
  2 dart slugs
  22 orcs
  3 ball pythons
  6 bats
  6 endoplasms
  3 giant cockroaches
  8 goblins
  6 hobgoblins
  12 jackals
  3 quokkas
  10 frilled lizards
  8 kobolds
  8 rats
232 creatures vanquished.

Vanquished Creatures (others)
  27 fungi
  64 plants
91 creatures vanquished.

Grand Total: 323 creatures vanquished

Notes
Turn   | Place    | Note
-------+----------+-------------------------------------------
     0 | D:1      | mrzisme the Deep Elf Conjurer began the quest for the Orb.
     0 | D:1      | Reached XP level 1. HP: 10/10 MP: 6/6
   169 | D:1      | Reached XP level 2. HP: 15/15 MP: 6/8
   172 | D:1      | Learned a level 2 spell: Searing Ray
   528 | D:1      | Reached skill level 5 in Conjurations
   723 | D:1      | Reached XP level 3. HP: 19/19 MP: 7/10
   750 | D:1      | Found a faded altar of an unknown god.
  1063 | D:2      | Learned a level 3 spell: Dazzling Flash
  1454 | D:2      | Reached XP level 4. HP: 24/24 MP: 8/12
  1526 | D:2      | Learned a level 4 spell: Iskenderun's Mystic Blast
  2217 | D:3      | Reached skill level 6 in Conjurations
  2390 | D:3      | Found a shimmering altar of Xom.
  2390 | D:3      | Found a hazy altar of Hepliaklqana.
  2390 | D:3      | Found a stormy altar of Qazlal.
  2804 | D:4      | Identified the amulet of Diokudda {Reflect rC+ Int+3 SH+5}
  2910 | D:4      | Reached XP level 5. HP: 8/28 MP: 4/14
  3391 | D:4      | Reached skill level 5 in Spellcasting
  3443 | D:4      | Noticed a centaur
  3683 | D:4      | Killed a centaur
  3684 | D:4      | Reached skill level 7 in Conjurations
  3684 | D:4      | Reached XP level 6. HP: 16/32 MP: 9/16
  4041 | D:4      | Noticed a moth of wrath
  4049 | D:4      | Found a bloodstained altar of Trog.
  4136 | D:5      | Entered Level 5 of the Dungeon
  4187 | D:5      | Noticed Duvessa
  4199 | D:5      | Killed Duvessa
  4215 | D:5      | Noticed Dowan
  4401 | D:4      | Learned a level 2 spell: Blink
  4407 | D:5      | Killed Dowan
  4408 | D:5      | Reached skill level 8 in Conjurations
  4450 | D:5      | Found a basalt altar of Yredelemnul.
  4454 | D:5      | Reached XP level 7. HP: 36/36 MP: 13/18
  4861 | D:5      | Found a staircase to the Ecumenical Temple.
  4870 | Temple   | Entered the Ecumenical Temple
  4885 | Temple   | Became a worshipper of Vehumet
  4991 | D:5      | Reached skill level 9 in Conjurations
  5191 | D:5      | Reached XP level 8. HP: 41/41 MP: 11/21
  5396 | D:5      | Reached skill level 10 in Conjurations
  6278 | D:6      | Found Qineameteki's Antique Armour Shop.
  6286 | D:6      | Bought a shiny helmet for 217 gold pieces
  6299 | D:6      | Reached skill level 11 in Conjurations
  6415 | D:6      | Reached * piety under Vehumet
  6415 | D:6      | Offered knowledge of Foxfire by Vehumet.
  6424 | D:6      | Learned a level 3 spell: Teleport Other
  6524 | D:6      | Reached XP level 9. HP: 43/45 MP: 16/24
  7295 | D:6      | Found a blossoming altar of Fedhas.
  7694 | D:7      | Reached skill level 1 in Fighting
  8001 | D:7      | Reached skill level 10 in Spellcasting
  8001 | D:7      | Reached skill level 12 in Conjurations
  8268 | D:7      | Identified the +8 war axe "Impslayer" {drain, rC+}
  8790 | D:8      | Found a staircase to the Lair.
  9400 | Lair:1   | Entered Level 1 of the Lair of Beasts
  9415 | Lair:1   | Noticed a black mamba
  9425 | Lair:1   | Killed a black mamba
  9426 | Lair:1   | Reached XP level 10. HP: 28/56 MP: 4/26
  9519 | Lair:1   | Noticed a cane toad
  9524 | Lair:1   | Killed a cane toad
  9610 | Lair:1   | Reached skill level 13 in Conjurations
  9678 | D:8      | Reached ** piety under Vehumet
  9853 | D:8      | Offered knowledge of Sandblast by Vehumet.
 10089 | Lair:1   | Noticed a cane toad
 10098 | Lair:1   | Killed a cane toad
 10359 | Lair:1   | Reached skill level 14 in Conjurations
 10489 | Lair:1   | Noticed an oklob plant
 10988 | Lair:1   | Noticed a cane toad
 11063 | Lair:1   | Killed a cane toad
 11429 | Lair:2   | Reached XP level 11. HP: 38/62 MP: 24/29
 11665 | Lair:2   | Reached skill level 5 in Fighting
 12377 | Lair:2   | Found a staircase to the Shoals.
 12637 | Lair:2   | Noticed a six-headed hydra
 12646 | Lair:2   | Killed a six-headed hydra
 12818 | Lair:2   | Reached skill level 15 in Conjurations
 12960 | Lair:3   | Offered knowledge of Conjure Flame by Vehumet.
 13476 | Lair:3   | Noticed a boulder beetle
 13477 | Lair:3   | Found a hole to the Spider Nest.
 13519 | Lair:3   | HP: 1/64 [basilisk (5)]
 13520 | Lair:3   | Slain by a basilisk

Illustrated notes

Levels and vault maps discovered:
D:1:      amcnicky_arrival_double_pillar, layout_basic,
          dreamdust_ecumenical_altar_grove
D:2:      minmay_razor_zed, layout_loops_cross, minmay_surrounded
D:3:      layout_loops_ring, chequers_temple_overflow_statue_of_worship,
          st_stairs_14
D:4:      layout_cave_pools, tgw_trog
D:5:      minmay_angry_zag, layout_basic, mainiacjoe_overflow_24_doors,
          minmay_temple_entry_waves, minmay_hedge_maze,
          minmay_fractal_squares_diagonal_5, uniq_duvessa
D:6:      layout_basic, mainiacjoe_overflow_boulevard, serial_shops,
          nicolae_diamond_shop, amethyst_killhole
D:7:      layout_loops_ring
D:8:      layout_loops_ring, lair_entry_dummy, fountainhead,
          corexii_corridor_pit
Temple:   regret_index_temple_waves
Lair:1:   minmay_lair_oklob_tunnel, layout_chaotic_city, grunt_megastairs_3
Lair:2:   layout_long_grid, minmay_shoals_entry_beasts, minivault_26
Lair:3:   layout_cellular_growth, spider_nest_entry_a, ldierk_geyser,
          grunt_forest_large_clearings

Skill      XL: |  1  2  3  4  5  6  7  8  9 10 11 |
---------------+----------------------------------+-----
Conjurations   | 5 6 7 8 9 11 12 14 15 | 15.4
Spellcasting   | 4 5 6 7 9 10 12 13 | 13.1
Fighting       | 3 4 6 |  6.0
Dodging        | |  2.4
Stealth        | |  2.4

Action                   |  1- 3 |  4- 6 |  7- 9 | 10-12 || total
-------------------------+-------+-------+-------+-------++-------
Melee: Short sword       |     4 |       |       |       ||     4
       Rapier            |       |     3 |     2 |       ||     5
       War axe           |       |       |       |     1 ||     1
 Cast: Magic Dart        |    69 |   100 |   112 |    62 ||   343
       Searing Ray       |       |    12 |    58 |    40 ||   110
       Dazzling Flash    |       |     4 |     1 |       ||     5
       Iskenderun's Myst |       |       |    12 |    61 ||    73
       Blink             |       |       |     2 |     3 ||     5
       Teleport Other    |       |       |     2 |     1 ||     3
  Use: Scroll            |       |     8 |       |     3 ||    11
       Potion            |       |     1 |       |     8 ||     9
Armor: Robe              |     2 |       |     7 |     9 ||    18
Dodge: Dodged            |     3 |     8 |    14 |    29 ||    54
Block: Other             |       |     3 |     8 |    12 ||    23
       Reflection        |       |     1 |       |     1 ||     2
